 Dungeon Crawl Stone Soup version 0.17.1-3-g152610e (webtiles) character file.

69 Heliophagus the Firebug (level 4, -5/24 HPs)
             Began as a Gargoyle Fire Elementalist on Apr 8, 2016.
             Slain by Kasisch the naga
             ... wielding a +1 battleaxe of freezing
             ... created by the player character
              (20 damage)
             ... on level 2 of the Dungeon.
             The game lasted 00:11:43 (1484 turns).

Heliophagus the Firebug (GrFE)                      Turns: 1484, Time: 00:11:43

Health: -5/24      AC:  8    Str: 11    XL:     4   Next: 20%
Magic:  0/8        EV: 10    Int: 17    God:
Gold:   44         SH:  0    Dex:  8    Spells: 1 memorised, 7 levels left

rFire  . . .     SeeInvis .     f - +0 mace (curse)
rCold  . . .     Clarity  .     h - +0 ring mail (curse)
rNeg   + . .     SustAt   .     (no shield)
rPois  ∞         Gourm    .     (no helmet)
rElec  +         Spirit   .     (no cloak)
rCorr  .         Warding  .     (no gloves)
rMut   .         Stasis   .     (no boots)
MR     .....                    (no amulet)
Stlth  +.........               (no ring)
                                (no ring)

@: very slightly contaminated, not resistant to hostile enchantments, very
unstealthy
A: blurry vision 1, clumsy 1, negative energy resistance 1, electricity
resistance, unbreathing, petrification resistance, rot immunity, AC +3
a: no special abilities


You were on level 2 of the Dungeon.
You were not hungry.

You visited 1 branch of the dungeon, and saw 2 of its levels.

You collected 44 gold pieces.

Inventory:

Hand Weapons
 f - a cursed +0 mace (weapon)
Armour
 h - a cursed +0 ring mail (worn)
Scrolls
 a - a scroll of noise {unknown}
 e - a scroll of enchant weapon {unknown}
 g - 2 scrolls of identify {unknown}
 l - a scroll of remove curse {unknown}
 o - a scroll of immolation {unknown}
Potions
 d - a potion of brilliance {unknown}
 i - 5 potions of curing {unknown}
 m - a potion of ambrosia {unknown}
Books
 b - a book of Flames

   Spells                             Type                      Level
   a - Flame Tongue                   Conjuration/Fire             1
   b - Throw Flame                    Conjuration/Fire             2
   c - Conjure Flame                  Conjuration/Fire             3
   d - Inner Flame                    Hexes/Fire                   3
   e - Sticky Flame                   Conjuration/Fire             4
   f - Fireball                       Conjuration/Fire             5
Miscellaneous
 n - a plain deck of wonders {drawn: 6}
Comestibles
 c - 2 bread rations
 j - a beef jerky
 k - a chunk of flesh


   Skills:
 - Level 1.5 Dodging
 - Level 2.1 Stealth
 + Level 2.7 Spellcasting
 + Level 2.9 Conjurations
 + Level 3.5 Fire Magic


You had 7 spell levels left.
You knew the following spells:

 Your Spells              Type           Power        Failure   Level  Hunger
a - Flame Tongue          Conj/Fire      ##...        14%         1    #......


Dungeon Overview and Level Annotations

Branches:
Dungeon (2/15)

Altars:


Innate Abilities, Weirdness & Mutations

You are resistant to torment.
Your stone body is resilient (AC +3).
You are immune to poison.
You resist negative energy.
You are resistant to electric shocks.
You can survive without breathing.
You are immune to petrification.
You are immune to rotting.
Scrolls take you a little longer to read.
You are clumsy. (Dex -2)


Message History

Press: ? - help, Shift-Dir - straight line, f/p - Kasisch
Aim: Kasisch the naga, wielding a battleaxe of freezing and wearing an embroidered robe (almost dead, catching its breath, durably summoned)
You miscast Flame Tongue.
You are momentarily dazzled by a flash of light!
Evoke which item? (* to show all) (? for menu, Esc to quit)
You draw a card...
It is the Curse.
This card doesn't seem to belong here.
You feel a malignant aura surround you.
Your +0 ring mail glows black for a moment.
Your +0 mace glows black for a moment.
Evoke which item? (* to show all) (? for menu, Esc to quit)
You draw a card...
It is the Mercenary.
You cannot afford Couxaske's fee of 155 gold!
Couxaske attacks!
Couxaske the naga comes into view. It is wielding a mace of protection.
Evoke which item? (* to show all) (? for menu, Esc to quit)
You draw a card...
It is the Helix.
You feel clumsy.
Kasisch hits you with a battleaxe of freezing!!
Ouch! That really hurt!
You die...

#.#.##..##.#..
#.#.#..... #.#
#.#.#...## #.#
#.#.#...<# #..
######.#.#.#.######
#..................
##.###.#.#.#.######
#N# #.#.#.#.# #@#
#.#.#.#.# #N#
#.#.#.#>. #r#
#.#.#.#.# #.#
#.#.#.#.# #.#
#.#.#.#.# #.#
#.#.#.#.# #.# #.#
#.#


You could see Couxaske the naga, Kasisch the naga and a rat.

Vanquished Creatures
  5 adders (D:2)
  A worm (D:2)
  A bat (D:1)
  4 goblins
  4 hobgoblins
  2 jackals (D:2)
  A ball python (D:1)
  A giant gecko (D:1)
  2 giant newts (D:1)
  2 kobolds (D:1)
  A quokka (D:2)
  A rat (D:1)
25 creatures vanquished.

Notes
Turn   | Place    | Note
--------------------------------------------------------------
     0 | D:1      | Heliophagus the Gargoyle Fire Elementalist began the quest for the Orb.
     0 | D:1      | Reached XP level 1. HP: 10/10 MP: 3/3
   221 | D:1      | Reached XP level 2. HP: 13/15 MP: 3/5
   815 | D:2      | Reached XP level 3. HP: 19/19 MP: 3/6
  1065 | D:2      | Reached XP level 4. HP: 16/24 MP: 6/8
  1433 | D:2      | Gained mutation: Scrolls take you a little longer to read. [helix card]
  1434 | D:2      | Noticed Kasisch
  1483 | D:2      | Noticed Couxaske
  1484 | D:2      | Gained mutation: You are clumsy. (Dex -2) [helix card]
  1484 | D:2      | Slain by Kasisch the naga

Action                   |  1- 3 |  4- 6 || total
-------------------------+-------+-------++-------
Melee: Mace              |    59 |    18 ||    77
 Cast: Flame Tongue      |    23 |    12 ||    35
Evoke: Deck              |       |     6 ||     6
  Eat: Chunk             |     1 |     1 ||     2
